 Dungeon Crawl Stone Soup version 0.24-a0-788-g2b66604 (webtiles) character file.

Game seed: 1188919508148668174, levelgen mode: deterministic

27 Deaus the Vexing (level 2, -1/19 HPs)
             Began as a Vampire Enchanter on Oct 10, 2019.
             Slain by a worm (9 damage)
             ... on level 1 of the Dungeon.
             The game lasted 00:05:54 (992 turns).

Deaus the Vexing (Vampire Enchanter)                 Turns: 992, Time: 00:05:54

Health: -1/19      AC:  5    Str:  9    XL:     2   Next: 93%
Magic:  5/5        EV: 13    Int: 17    God:
Gold:   54         SH:  0    Dex: 14    Spells: 4/5 levels left

rFire    . . .     SeeInvis +     - Unarmed
rCold    . . .     Gourm    +   (no shield)
rNeg     . . .     Faith    .   b - +0 robe
rPois    .         Spirit   .   j - +2 helmet
rElec    .         Reflect  .   (no cloak)
rCorr    .         Harm     .   (no gloves)
MR       .....                  (no boots)
Stlth    +++.......             h - amulet of the gourmand (curse)
HPRegen  0.26/turn              c - ring of flight
MPRegen  0.09/turn              i - +2 ring of strength

@: regenerating quickly
A: no food, fangs 3, see invisible, unbreathing
a: Exsanguinate, Evoke Flight


You were on level 1 of the Dungeon.
You were alive.

You visited 1 branch of the dungeon, and saw 2 of its levels.

You collected 54 gold pieces.

Inventory:

Hand Weapons
 a - a +1 dagger
Armour
 b - a +0 robe (worn)
 g - a +0 chain mail
 j - a +2 helmet (worn)
 k - a +0 pair of gloves
Jewellery
 c - a ring of flight (left hand)
 h - a cursed amulet of the gourmand (around neck)
 i - a +2 ring of strength (right hand)
Scrolls
 d - a scroll of enchant armour {unknown}
 e - 2 scrolls of identify {unknown}
 f - a scroll of teleportation {unknown}


   Skills:
 - Level 1.1 Short Blades
 - Level 2.3 Dodging
 + Level 4.4 Stealth
 * Level 2.2 Unarmed Combat
 - Level 2.1 Spellcasting
 + Level 4.7 Hexes


You had 4 spell levels left.
You knew the following spells:

 Your Spells              Type           Power        Failure   Level  Hunger
a - Corona                Hex            ###....      2%          1    N/A

Your spell library contained the following spells:

 Spells                   Type           Power        Failure   Level  Hunger
 Confuse                  Hex            ###.....     9%          3    N/A
 Tukima's Dance           Hex            ###.....     9%          3    N/A
 Ensorcelled Hibernation  Hex/Ice        #.....       11%         2    N/A
 Dazzling Spray           Conj/Hex       #.....       22%         3    N/A

Dungeon Overview and Level Annotations

Branches:
Dungeon (2/15)

Altars:
Cheibriados

Annotations:
D:2 Sigmund


Innate Abilities, Weirdness & Mutations

You do not eat.
Your natural rate of healing is unusually fast.
You have razor-sharp teeth.
You have supernaturally acute eyesight. (SInv)
You can survive without breathing.


Message History

You hit the worm.
The worm is heavily wounded.
You hit the worm but do no damage.
The worm is heavily wounded.
The worm bites you.
You hit the worm.
The worm is heavily wounded.
The worm stops glowing.
You hit the worm but do no damage.
The worm is heavily wounded.
The worm closely misses you.
You hit the worm but do no damage.
The worm is heavily wounded.
The worm misses you.
You hit the worm.
The worm is heavily wounded.
You hit the worm.
The worm is almost dead.
The worm bites you!
You die...

.†...####.#.#.......#
.....#..%.#.....##..#
.......##...#....#..#
#####..#....#....#..#
#####..####.##......#
#................##.#
#...........####w##.#
#...........# #w##.#
####........# #@##.#
####.....####.##.#
#..#..#....##.#
##.#..####.##.#
#####....####.##.#
#.......(........#
#........####.####
#........# #.#
#..).....####.#


You could see 2 worms.

Vanquished Creatures
  A dart slug (D:1)
  A leopard gecko (D:1)
  5 bats
  4 giant cockroaches (D:1)
  A goblin (D:1)
  A hobgoblin (D:1)
  2 kobolds
  5 frilled lizards
  A rat (D:2)
21 creatures vanquished.

Notes
Turn   | Place    | Note
-------+----------+-------------------------------------------
     0 | D:1      | Deaus the Vampire Enchanter began the quest for the Orb.
     0 | D:1      | Reached XP level 1. HP: 13/13 MP: 3/3
   268 | D:1      | Reached skill level 1 in Unarmed Combat
   268 | D:1      | Reached XP level 2. HP: 11/19 MP: 5/5
   591 | D:2      | Found a snail-covered altar of Cheibriados.
   627 | D:2      | Noticed Sigmund
   992 | D:1      | Slain by a worm

Levels and vault maps discovered:
D:1:      saegor_arrival_under_anarchy, layout_basic
D:2:      wander_river, layout_loops_cross, cheibriados_altar_1,
          grunt_temple_overflow_open, hex_large, minmay_lizard_pond,
          uniq_sigmund

Skill      XL: |  1  2 |
---------------+-------+-----
Unarmed Combat | 1 2 |  2.2
Short Blades   | |  1.1
Dodging        | |  2.3
Stealth        | |  4.4
Spellcasting   | |  2.1
Hexes          | |  4.7

Action                   || total
-------------------------++-------
Melee: Unarmed           ||   165
       Bite              ||    17
       Dagger            ||     4
 Cast: Corona            ||     2
 Stab: Sleeping          ||     1
Armor: Robe              ||    58
Dodge: Dodged            ||   137

Table legend:
 A = Non-vault XP
 B = Vault XP
 C = Vault XP percentage of total XP
 D = Non-vault monster count
 E = Vault monster count
 F = Vault count percentage of total count
                 A         B        C        D         E       F
            +---------+---------+-------+---------+---------+-------
      Total |      36 |       3 |   7.7 |      18 |       3 |  14.3
            +---------+---------+-------+---------+---------+-------
        D:1 |      30 |       2 |   6.2 |      14 |       2 |  12.5
        D:2 |       6 |       1 |  14.3 |       4 |       1 |  20.0
            +---------+---------+-------+---------+---------+-------
